 Dungeon Crawl Stone Soup version 0.29.1-2-gbd0b4ee654 (webtiles) character file.

Game seed: 11758559860497604494

197365 Ivernyr the Warrior (level 18, -1/157 HPs)
             Began as a Barachi Ice Elementalist on Nov 3, 2022.
             Was the Champion of Cheibriados.
             Slain by a ghost moth (13 damage)
             ... on level 4 of the Spider Nest on Nov 4, 2022.
             The game lasted 04:03:33 (47923 turns).

Ivernyr the Warrior (Barachi Ice Elementalist)     Turns: 47923, Time: 04:03:34

Health: -1/157     AC: 27    Str: 23 (31) XL:     18   Next: 85%
Magic:  0/37       EV: 11    Int: 38 (49) God:    Cheibriados [******]
Gold:   1647       SH: 18    Dex: 21 (25) Spells: 10/48 levels left

rFire   + . .      SeeInvis .   l - +8 lance "Wyrmbane" {slay drac, rPois rF+ rC+ AC+3}
rCold   + + .      Faith    .   p - +2 kite shield
rNeg    . . .      Spirit   .   k - +1 ring mail of Xist {rElec Str+3}
rPois   +          Reflect  +   F - +0 helmet
rElec   +          Harm     .   I - +0 cloak of Daffodils {rPois Str+3 Int+4}
rCorr   .          Rampage  .   x - +2 pair of gloves
Will    +....                   C - +0 pair of boots
Stlth   ++........              Z - amulet of reflection
HPRegen 0.36/turn               A - ring of Activism {rC+ AC+4}
MPRegen 0.25/turn               d - +6 ring of intelligence

@: unable to hop, very slow
A: amphibious, slowness 1, strong legs 2, +LOS, talons 1, clumsy 1, shaggy fur 1
a: Hop, Renounce Religion, Bend Time, Temporal Distortion, Slouch, Step From
Time


You were on level 4 of the Spider Nest.
You worshipped Cheibriados.
Cheibriados was exalted by your worship.
You visited 6 branches of the dungeon, and saw 26 of its levels.
You visited the Abyss 1 time.

You collected 3101 gold pieces.
You spent 1454 gold pieces at shops.

Inventory:

Hand Weapons
 f - the +2 broad axe of Kiesimeg {vorpal, rElec rPois rF+++}
   (You took it off a deep elf annihilator on level 3 of the Elven Halls)

   It inflicts extra damage upon your enemies.
   rF:        It renders you almost immune to fire.
   rElec:     It insulates you from electricity.
   rPois:     It protects you from poison.
 l - the +8 lance "Wyrmbane" (weapon) {slay drac, rPois rF+ rC+ AC+3}
   (You took it off a deep elf annihilator on level 3 of the Elven Halls)

   It inflicts extra damage against dragons and draconians.
   AC:        It affects your AC (+3).
   rF:        It protects you from fire.
   rC:        It protects you from cold.
   rPois:     It protects you from poison.
 B - the +3 battleaxe of Classification {vamp, rC+ rN+ Str+3 Int+4}
   (You took it off a deep elf sorcerer on level 3 of the Elven Halls)

   It occasionally heals its wielder for a portion of the damage dealt when it
   wounds a living foe.
   Str:       It affects your strength (+3).
   Int:       It affects your intelligence (+4).
   rC:        It protects you from cold.
   rN:        It protects you from negative energy.
Armour
 k - the +1 ring mail of Xist (worn) {rElec Str+3}
   (You found it on level 2 of the Dungeon)

   Str:       It affects your strength (+3).
   rElec:     It insulates you from electricity.
 p - a +2 kite shield (worn)
 x - a +2 pair of gloves (worn)
 C - a +0 pair of boots (worn)
 F - a +0 helmet (worn)
 I - the +0 cloak of Daffodils (worn) {rPois Str+3 Int+4}
   (You bought it in a shop on level 1 of the Elven Halls)

   Str:       It affects your strength (+3).
   Int:       It affects your intelligence (+4).
   rPois:     It protects you from poison.
Jewellery
 d - a +6 ring of intelligence (right hand)
 u - a ring of positive energy
 A - the ring of Activism (left hand) {rC+ AC+4}
   (You took it off a deep elf sorcerer on level 3 of the Elven Halls)

   [ring of protection]

   AC:        It affects your AC (+4).
   rC:        It protects you from cold.
 J - a ring of wizardry
 K - a ring of protection from fire
 U - the ring of Ficupn {rF+ Str+9 Dex+5 Slay-3 Stlth+}
   (You found it on level 1 of the Lair of Beasts)

   [ring of protection from fire]

   Str:       It affects your strength (+9).
   Dex:       It affects your dexterity (+5).
   Slay:      It affects your accuracy & damage with ranged weapons and melee
   (-3).
   rF:        It protects you from fire.
   Stlth:     It makes you more stealthy.
 Z - an amulet of reflection (around neck)
Wands
 E - a wand of flame (7)
 G - a wand of paralysis (6)
Scrolls
 e - 3 scrolls of teleportation
 j - 10 scrolls of immolation
 m - 6 scrolls of magic mapping
 n - 2 scrolls of enchant armour
 v - a scroll of blinking
 y - 3 scrolls of enchant weapon
 D - 3 scrolls of brand weapon
 H - 4 scrolls of identify
 M - 6 scrolls of butterflies
 N - 3 scrolls of poison {unknown}
 O - 2 scrolls of vulnerability
 P - a scroll of summoning {unknown}
 Q - 5 scrolls of fear
 S - 3 scrolls of silence
Potions
 a - 3 potions of berserk rage
 c - 3 potions of attraction
 g - 13 potions of curing
 h - 4 potions of brilliance
 i - 4 potions of lignification
 o - 2 potions of ambrosia
 q - 2 potions of haste {unknown}
 r - 3 potions of degeneration {unknown}
 s - 4 potions of heal wounds
 t - 4 potions of cancellation
 w - 6 potions of might {unknown}
 z - 5 potions of flight {unknown}
 T - a potion of invisibility {unknown}


   Skills:
 + Level 18.1 Fighting
 + Level 17.5 Armour
 - Level 2.6 Dodging
 - Level 1.7 Stealth
 + Level 6.1 Shields
 + Level 15.6 Spellcasting
 + Level 11.4 Conjurations
 - Level 13.0 Ice Magic
 - Level 7.1 Air Magic
 - Level 13.0 Invocations


You had 10 spell levels left.
You knew the following spells:

 Your Spells              Type           Power      Damage    Failure   Level
a - Freeze                Ice            100%       1d11      1%          1
b - Frozen Ramparts       Ice            100%       1d16      1%          3
c - Ozocubu's Armour      Ice            91%        N/A       1%          3
d - Hailstorm             Conj/Ice       89%        3d18      1%          4
e - Mephitic Cloud        Conj/Pois/Air  67%        N/A       1%          3
f - Airstrike             Air            35%        2d(5-21)  2%          4
g - Freezing Cloud        Conj/Ice/Air   41%        6-21      1%          5
h - Searing Ray           Conj           100%       2d8       1%          2
i - Irradiate             Conj/Tmut      32%        3d22      11%         5
j - Lehudib's Crystal Sp  Conj/Erth      32%        10d8      100%        8

Your spell library contained the following spells:

 Spells                   Type           Power      Damage    Failure   Level
 Magic Dart               Conj           100%       1d8       1%          1
 Shock                    Conj/Air       100%       1d9       1%          1
 Poisonous Vapours        Pois/Air       100%       N/A       1%          2
 Static Discharge         Conj/Air       79%        3-13/arc  1%          2
 Conjure Flame            Conj/Fire      65%        6-21      1%          3
 Dazzling Flash           Conj/Hex       100%       N/A       1%          3
 Swiftness                Air            70%        N/A       1%          3
 Ice Form                 Ice/Tmut       68%        N/A       2%          4
 Summon Ice Beast         Ice/Summ       68%        N/A       2%          4
 Beastly Appendage        Tmut           58%        N/A       4%          1
 Sting                    Tmut/Pois      100%       1d8       4%          1
 Summon Small Mammal      Summ           100%       N/A       4%          1
 Flame Wave               Conj/Fire      65%        2d15      4%          4
 Fulminant Prism          Conj/Hex       32%        3d16      4%          4
 Sticky Flame             Conj/Fire      65%        2d8       4%          4
 Blink                    Tloc           58%        N/A       6%          2
 Scorch                   Fire           58%        2d8       6%          2
 Sublimation of Blood     Necr           29%        N/A       6%          2
 Wereblood                Tmut           29%        N/A       6%          2
 Call Canine Familiar     Summ           29%        N/A       13%         3
 Gell's Gravitas          Tloc           29%        N/A       13%         3
 Ignite Poison            Fire/Tmut/Pois 29%        N/A       13%         3
 Lesser Beckoning         Tloc           29%        N/A       13%         3
 Spider Form              Tmut/Pois      29%        N/A       13%         3
 Summon Guardian Golem    Hex/Summ       29%        N/A       13%         3
 Teleport Other           Tloc           29%        N/A       13%         3
 Ozocubu's Refrigeration  Ice            45%        4d17      17%         7
 Silence                  Hex/Air        27%        N/A       26%         5
 Orb of Destruction       Conj           43%        9d12      32%         7
 Animate Armour           Summ/Erth      58%        N/A       38%         4
 Animate Dead             Necr           29%        N/A       38%         4
 Dispel Undead            Necr           29%        3d13      38%         4
 Leda's Liquefaction      Hex/Erth       14%        N/A       38%         4
 Olgreb's Toxic Radiance  Pois           29%        N/A       38%         4
 Passage of Golubria      Tloc           29%        N/A       38%         4
 Petrify                  Tmut/Erth      29%        N/A       38%         4
 Iron Shot                Conj/Erth      32%        9d7       52%         6
 Agony                    Necr           29%        N/A       75%         5
 Blade Hands              Tmut           14%        N/A       75%         5
 Lee's Rapid Deconstruct  Erth           14%        3d10*     75%         5
 Manifold Assault         Tloc           29%        N/A       75%         5
 Spellforged Servitor     Conj/Summ      32%        N/A       98%         7
 Dispersal                Tloc           14%        N/A       100%        6
 Statue Form              Tmut/Erth      19%        N/A       100%        6
 Summon Cactus Giant      Summ           14%        N/A       100%        6
 Haunt                    Necr/Summ      14%        N/A       100%        7
 Malign Gateway           Summ/Tloc      14%        N/A       100%        7
 Storm Form               Tmut/Air       27%        N/A       100%        7
 Borgnjor's Revivificati  Necr           14%        N/A       100%        8
 Infestation              Necr           14%        N/A       100%        8


Dungeon Overview and Level Annotations

Branches:
Dungeon (11/15)            Temple (1/1) D:4            Lair (5/5) D:11
  Swamp (0/4) Lair:2       Spider (4/4) Lair:2        Slime (0/5) Lair:4
    Orc (2/2) D:9             Elf (3/3) Orc:2

Altars:
Ashenzari
Cheibriados
Dithmenos
Elyvilon
Fedhas
Gozag
Hepliaklqana
Kikubaaqudgha
Makhleb
Nemelex Xobeh
Okawaru
Qazlal
Ru
Sif Muna
Trog
Uskayaw
Vehumet
Wu Jian
Xom
Yredelemnul
Zin
The Shining One
Jiyva

Shops:
D:8 [   D:9 (   D:11 *   Orc:2 :*[!*   Elf:1 [   Elf:3 :=(

Portals:
Hell: Lair:5
Pandemonium: Orc:2

Annotations:
D:5 1 runed translucent door, auqlue's ghost, amateur GrHu
D:10 3 runed translucent doors, Earthwalker's ghost, journeyman MiFi


Innate Abilities, Weirdness & Mutations

You are amphibious.
You cover ground slowly.
You can hop long distances.
You have an extended range of vision and can be seen from far away.
You have sharp toenails.
You are clumsy. (Dex -2)
You are covered in fur. (AC +1)


Message History

Something stings you but does no damage.
You completely miss something.
You feel you are being watched by something.
You feel your power leaking away. Something hits you!
* * * LOW HITPOINT WARNING * * *
You feel dopey. Something hits you but does no damage.
Something stings you but does no damage.
Magic courses through your body.
Something hits you but does no damage. x2
You block something's attack.
You feel you are being watched by something.
You feel your power leaking away. Something hits you.
* * * LOW HITPOINT WARNING * * *
You feel weakened. Something hits you.
* * * LOW HITPOINT WARNING * * *
You feel clumsy.
Something stings you but does no damage.
Activating: Slouch (1% risk of failure)
Press: ? - help, Dir - look around, f - activate You can feel time thicken for a moment.
You feel you are being watched by something.
You feel your power leaking away. Something hits you but does no damage.
Something hits you.
* * * LOW HITPOINT WARNING * * *
Something stings you but does no damage.
Okay, then.
Hop to where?
Press: ? - help, Dir - move target Boing!
You can't see any enemies this would affect, really read the scroll of fear?
As you read the scroll of fear, it crumbles to dust.
You assume a fearsome visage.
Nothing appears to happen.
You feel you are being watched by something.
You feel your power leaking away.
You feel you are being watched by something. x3
Something hits you!
You die...

^.......##^.##..#
.......^###.##.##
^........##.^..#####
........[^######...#
...........####^..##
..................###
^.....^...#.......#.#
...........^......^.#
................@..###
.^...................#
.^.......^..........##
...^...........^.<.##
............°.....#####
.^...........^....^...#
.<...................##
......................#
.^..^................##


There were no monsters in sight!

Vanquished Creatures
  Arachne (Spider:2)
  3 deep elf blademasters
  2 deep elf master archers (Elf:3)
  Donald (Spider:1)
  5 emperor scorpions (Spider:4)
  6 deep elf elementalists (Elf:3)
  7 deep elf sorcerers
  Aizul (Elf:1)
  4 ghost moths
  3 broodmothers (Spider:3)
  A deep elf demonologist (Elf:3)
  4 entropy weavers
  8 deep elf annihilators (Elf:3)
  3 spark wasps
  5 deep elf death magi
  7 hydras
  2 deep elf high priests (Elf:3)
  3 boulder beetles
  4 radroaches
  2 jorogumos
  2 two-headed ogres (D:8)
  3 demonspawn (Orc:2)
  26 dancing weapons
  5 death yaks (Lair:4)
  5 orc high priests
  24 deep elf knights
  Sonja (Orc:1)
  Lodul (D:11)
  A sun demon (Lair:5)
  2 sun moths
  6 pharaoh ants
  12 steelbarb worms
  9 orb spiders
  4 orc knights (Orc:2)
  A wizard (Lair:5)
  17 deep elf zephyrmancers
  Pikel (D:5)
  20 deep elf pyromancers
  10 deep elf archers
  9 orc sorcerers
  2 necromancers (Elf:1)
  26 wolf spiders
  A cyclops (D:11)
  An ugly thing (D:11)
  A salamander (shapeshifter) (Elf:3)
  A moth of wrath (shapeshifter) (Elf:2)
  8 black mambas
  2 elephants (Lair:4)
  2 moths of wrath
  Joseph (D:9)
  An orange demon (Lair:5)
  4 torpor snails
  12 cane toads
  5 rime drakes
  13 demonic crawlers
  14 komodo dragons
  2 ice devils (Lair:5)
  2 hellwings
  9 meliai (Spider:4)
  2 red devils (Lair:5)
  2 trolls (Orc:1)
  A polar bear (shapeshifter) (Elf:3)
  37 tarantellas
  4 polar bears
  A slime creature (Lair:4)
  6 dream sheep (Lair:5)
  10 blink frogs
  Sigmund (D:5)
  2 large abominations (Elf:1)
  2 shadows
  A water elemental (Elf:3)
  29 yaks
  19 culicivoras
  31 jumping spiders
  4 air elementals
  4 wyverns
  2 vampires (D:11)
  3 basilisks
  62 redbacks
  2 fire elementals (Elf:1)
  A steam dragon (D:10)
  3 vampire mosquitoes
  2 wargs (Orc:1)
  A swamp worm (Lair:1)
  7 water moccasins
  An acid dragon (D:9)
  4 hell hounds (Lair:5)
  A black bear (D:7)
  33 orc warriors
  2 ice beasts
  7 wolves
  9 ogres
  2 centaurs
  2 lemures (D:5)
  A phantom (D:6)
  4 elf zombies (Elf:1)
  9 bullfrogs
  6 kobold brigands
  3 necrophages
  7 scorpions
  2 earth elementals (Elf:1)
  6 wights
  13 killer bees
  5 electric eels
  6 howler monkeys
  11 jellies
  31 orc priests
  2 gnoll boudas
  2 hounds
  4 iguanas
  6 hell rats (Lair:5)
  24 orc wizards
  11 gnolls
  9 adders
  A shadow imp (D:7)
  2 ufetubi (D:5)
  A worm (D:1)
  4 dart slugs
  94 orcs
  6 ball pythons
  6 endoplasms
  4 giant cockroaches
  8 goblins
  6 hobgoblins
  3 jackals (D:1)
  6 quokkas
  4 bats
  6 frilled lizards
  31 kobolds
  2 rats (D:1)
  3 bushes (Lair:5)
987 creatures vanquished.

Vanquished Creatures (others)
  A bush (Lair:5)
  25 fungi
  21 plants
47 creatures vanquished.

Grand Total: 1034 creatures vanquished

Notes
Turn   | Place    | Note
-------+----------+-------------------------------------------
     0 | D:1      | Ivernyr the Barachi Ice Elementalist began the quest for
                  | the Orb.
     0 | D:1      | Reached XP level 1. HP: 13/13 MP: 3/3
   129 | D:1      | Reached skill level 5 in Ice Magic
   147 | D:1      | Reached XP level 2. HP: 6/20 MP: 1/5
   634 | D:1      | Reached skill level 1 in Fighting
  1223 | D:1      | Reached XP level 3. HP: 16/26 MP: 2/6
  1227 | D:1      | Learned a level 3 spell: Frozen Ramparts
  1231 | D:1      | Learned a level 3 spell: Ozocubu's Armour
  1556 | D:2      | Identified the +1 ring mail of Xist {rElec Str+3}
  1712 | D:2      | Found a hide-covered altar of Uskayaw.
  1932 | D:2      | Reached XP level 4. HP: 33/33 MP: 4/8
  2216 | D:3      | Found a faded altar of an unknown god.
  2368 | D:3      | Reached skill level 1 in Armour
  2496 | D:3      | Reached skill level 2 in Fighting
  2500 | D:3      | Noticed a scorpion
  2579 | D:3      | Killed a scorpion
  2580 | D:3      | Reached XP level 5. HP: 35/39 MP: 1/9
  3413 | D:4      | Reached XP level 6. HP: 46/46 MP: 5/11
  3586 | D:4      | Found a staircase to the Ecumenical Temple.
  3653 | Temple   | Entered the Ecumenical Temple
  3776 | Temple   | Became a worshipper of Cheibriados the Contemplative
  4014 | D:4      | Learned a level 4 spell: Hailstorm
  4273 | D:4      | Found a hazy altar of Hepliaklqana.
  4280 | D:4      | Found a sacrificial altar of Ru.
  4345 | D:4      | Reached skill level 3 in Fighting
  4845 | D:5      | Entered Level 5 of the Dungeon
  4859 | D:5      | Noticed Sigmund
  4873 | D:5      | Killed Sigmund
  4874 | D:5      | Reached skill level 1 in Invocations
  4874 | D:5      | Reached XP level 7. HP: 53/53 MP: 1/12
  4877 | D:5      | Found a shadowy altar of Dithmenos.
  4989 | D:5      | Found a burning altar of Makhleb.
  4990 | D:5      | Noticed a cacodemon
  5042 | D:5      | Reached * piety under Cheibriados
  5089 | D:5      | Reached skill level 4 in Fighting
  5244 | D:5      | Reached XP level 8. HP: 38/61 MP: 8/14
  5526 | D:5      | Reached ** piety under Cheibriados
  5755 | D:5      | Reached skill level 5 in Fighting
  6063 | D:5      | Found a glowing silver altar of Zin.
  6063 | D:5      | Noticed an angel
  6136 | D:5      | Reached skill level 5 in Armour
  6141 | D:5      | Reached skill level 5 in Spellcasting
  6313 | D:5      | Noticed auqlue's ghost (amateur GrHu)
  6316 | D:5      | Found a runed translucent door.
  6591 | D:5      | Found a glowing golden altar of the Shining One.
  6688 | D:5      | Noticed Pikel
  6708 | D:5      | Killed Pikel
  6709 | D:5      | Reached skill level 6 in Fighting
  6709 | D:5      | Reached XP level 9. HP: 58/69 MP: 9/17
  6851 | D:6      | Reached *** piety under Cheibriados
  6921 | D:6      | Found an iron altar of Okawaru.
  7057 | D:6      | Found a broken altar of Ashenzari.
  7554 | D:6      | Identified 2 scrolls of acquirement
  7559 | D:6      | Acquired a +3 broad axe of electrocution
  7563 | D:6      | Acquired a staff of cold
  7628 | D:6      | Got the Opusculum on the Flock
  7716 | D:6      | Found an ancient bone altar of Kikubaaqudgha.
  7752 | D:6      | Learned a level 3 spell: Mephitic Cloud
  8388 | D:7      | Reached **** piety under Cheibriados
  8524 | D:7      | Reached skill level 7 in Fighting
  8583 | D:7      | Reached XP level 10. HP: 70/79 MP: 12/19
  8915 | D:8      | Reached skill level 5 in Invocations
  9102 | D:8      | Noticed a two-headed ogre
  9109 | D:8      | Killed a two-headed ogre
  9116 | D:8      | Noticed a two-headed ogre
  9122 | D:8      | HP: 3/77 [wight/+0 scimitar (11)]
  9493 | D:8      | Found an ornate altar of the Wu Jian Council.
  9605 | D:8      | Found Cheibriados's Comfort Zone.
  9606 | D:8      | Found a snail-covered altar of Cheibriados.
  9668 | D:8      | Reached skill level 10 in Ice Magic
 10220 | D:8      | Killed a two-headed ogre
 10221 | D:8      | Reached skill level 8 in Fighting
 10221 | D:8      | Reached skill level 1 in Air Magic
 10687 | D:9      | Noticed Joseph
 10699 | D:9      | Killed Joseph
 10901 | D:9      | Found an opulent altar of Gozag.
 11044 | D:9      | Reached ***** piety under Cheibriados
 11187 | D:9      | Found a stormy altar of Qazlal.
 11452 | D:9      | Learned a level 4 spell: Airstrike
 11548 | D:9      | Reached XP level 11. HP: 52/87 MP: 17/22
 11699 | D:9      | Learned a level 5 spell: Freezing Cloud
 11704 | D:9      | Found a large runed translucent door.
 11704 | D:9      | Found a large runed translucent door.
 11795 | D:9      | Reached skill level 9 in Fighting
 12147 | D:9      | Found Raraf's Weapon Boutique.
 12518 | D:9      | Found a staircase to the Orcish Mines.
 12892 | D:9      | Found a hide-covered altar of Uskayaw.
 12901 | D:9      | Found a bloodstained altar of Trog.
 12979 | D:10     | Entered Level 10 of the Dungeon
 14135 | D:10     | Found a runed translucent gate.
 14136 | D:10     | Noticed Earthwalker's ghost (journeyman MiFi)
 14136 | D:10     | Found a runed translucent gate.
 14137 | D:10     | Found a runed translucent gate.
 14179 | D:11     | Reached ****** piety under Cheibriados
 14336 | D:11     | Noticed a red ugly thing
 14347 | D:11     | Killed a green ugly thing
 14541 | D:11     | Noticed Lodul
 14548 | D:11     | Killed Lodul
 14763 | D:11     | Found Pepp's Assorted Antiques.
 14987 | D:11     | Noticed a cyclops
 15010 | D:11     | Reached skill level 5 in Air Magic
 15061 | D:11     | Killed a cyclops
 15163 | D:11     | Identified the +5 arbalest of Muawnust {speed, rN+ Int+4}
 15184 | D:11     | Reached skill level 10 in Fighting
 15417 | D:11     | Found a staircase to the Lair.
 15567 | Lair:1   | Entered Level 1 of the Lair of Beasts
 15573 | Lair:1   | Reached skill level 10 in Armour
 15574 | Lair:1   | Reached XP level 12. HP: 97/97 MP: 10/24
 16071 | Lair:1   | Found a basalt altar of Yredelemnul.
 16460 | Lair:1   | Identified the ring of Ficupn {rF+ Str+9 Dex+5 Slay-3
                  | Stlth+}
 17085 | Lair:2   | Noticed a seven-headed hydra
 17180 | Lair:2   | Killed a seven-headed hydra
 17276 | Lair:2   | Noticed a four-headed hydra
 17282 | Lair:2   | Killed a four-headed hydra
 17652 | Lair:2   | Found a hole to the Spider Nest.
 17748 | Lair:2   | Found a staircase to the Swamp.
 17864 | Lair:2   | Reached skill level 11 in Fighting
 18463 | Lair:3   | Noticed a seven-headed hydra
 18483 | Lair:3   | Killed a seven-headed hydra
 18739 | Lair:3   | Noticed a five-headed hydra
 18745 | Lair:3   | Killed a five-headed hydra
 18746 | Lair:3   | Reached skill level 1 in Conjurations
 19054 | Lair:3   | Noticed a five-headed hydra
 19106 | Lair:3   | Killed a five-headed hydra
 19107 | Lair:3   | Reached skill level 10 in Spellcasting
 19107 | Lair:3   | Gained mutation: You can hop long distances. [Barachi
                  | growth]
 19107 | Lair:3   | Reached XP level 13. HP: 106/106 MP: 13/27
 20016 | Lair:4   | Found a viscous altar of Jiyva.
 20016 | Lair:4   | Found a staircase to the Slime Pits.
 21011 | Lair:5   | Entered Level 5 of the Lair of Beasts
 21013 | Lair:5   | Reached skill level 12 in Fighting
 21911 | Lair:5   | Reached skill level 5 in Conjurations
 22662 | Lair:5   | Reached XP level 14. HP: 102/116 MP: 15/29
 23277 | Lair:5   | Learned a level 2 spell: Searing Ray
 23344 | Abyss:2  | Cast into level 2 of the Abyss (a wizard)
 23368 | Lair:5   | Escaped the Abyss
 23495 | Lair:5   | Reached skill level 13 in Fighting
 23775 | Lair:5   | Found a burning altar of Makhleb.
 23945 | Lair:5   | Found a gateway to Hell.
 24474 | Orc:1    | Entered Level 1 of the Orcish Mines
 24474 | Orc:1    | Noticed Sonja
 24476 | Orc:1    | Killed Sonja
 24545 | Orc:2    | Entered Level 2 of the Orcish Mines
 24545 | Orc:2    | Found Xocw's Assorted Antiques.
 25082 | Orc:2    | Found Yxaoxteq's Distillery.
 25207 | Orc:2    | Found Zeunk's General Store.
 25212 | Orc:2    | Reached skill level 10 in Invocations
 25547 | Orc:2    | Bought a potion of heal wounds for 70 gold pieces
 25547 | Orc:2    | Bought a potion of mutation for 112 gold pieces
 25697 | Orc:2    | Found a staircase to the Elven Halls.
 26718 | Orc:2    | Paralysed by an orc sorcerer for 5 turns
 26983 | Orc:2    | Found Mafriero's Book Boutique.
 26983 | Orc:2    | Found Lirriem's Antique Armour Shop.
 26983 | Orc:2    | Found a one-way gate leading to the halls of Pandemonium.
 26994 | Orc:2    | Bought a book of Alchemy for 448 gold pieces
 27000 | Orc:2    | Learned a level 5 spell: Irradiate
 27972 | Elf:1    | Entered Level 1 of the Elven Halls
 28102 | Elf:1    | Noticed Aizul
 28250 | Elf:1    | Reached XP level 15. HP: 115/125 MP: 11/31
 28430 | Elf:1    | Reached skill level 14 in Fighting
 28767 | Elf:1    | Killed Aizul
 28986 | Elf:1    | Found Ziawokko's Antique Armour Emporium.
 28995 | Elf:1    | Bought a faintly humming cloak for 304 gold pieces
 28995 | Elf:1    | Identified the +0 cloak of Daffodils {rPois Str+3 Int+4}
                  | (You bought it in a shop on level 1 of the Elven Halls)
 30128 | Elf:1    | Got Ereshkigal's Quarto of Malignant Rituals
 30263 | Elf:1    | Noticed a deep elf blademaster
 30302 | Elf:1    | Killed a deep elf blademaster
 30417 | Elf:1    | Identified the +7 short sword "Wapnaloa" {antimagic, Fly
                  | rF- Int+4}
 30664 | Elf:2    | Reached skill level 1 in Shields
 30838 | Elf:2    | Found a huge runed translucent gate.
 30838 | Elf:2    | Found a huge runed translucent gate.
 30839 | Elf:2    | Found a huge runed translucent gate.
 30840 | Elf:2    | Found a huge runed translucent gate.
 30864 | Elf:2    | Found a huge runed translucent gate.
 31267 | Elf:2    | Noticed a deep elf sorcerer
 31274 | Elf:2    | Killed a deep elf sorcerer
 31275 | Elf:2    | Reached skill level 15 in Fighting
 31520 | Elf:2    | Paralysed by an air elemental for 1 turns
 31523 | Elf:2    | Paralysed by an air elemental for 1 turns
 31525 | Elf:2    | Paralysed by an air elemental for 1 turns
 31529 | Elf:2    | Reached XP level 16. HP: 114/136 MP: 28/33
 33227 | Elf:2    | Noticed a deep elf blademaster
 33233 | Elf:2    | Killed a deep elf blademaster
 33405 | Elf:3    | Entered Level 3 of the Elven Halls
 33532 | Elf:3    | Found Gioxzieni's Book Shoppe.
 33533 | Elf:3    | Found Soym's Jewellery Emporium.
 33535 | Elf:3    | Found Gabbashre's Weapon Shoppe.
 33664 | Elf:3    | Bought a book of the Moon for 520 gold pieces
 33673 | Elf:3    | Learned a level 8 spell: Lehudib's Crystal Spear
 33914 | Elf:3    | Reached skill level 15 in Armour
 34883 | Elf:3    | Identified the +4 triple sword "Fodue" {venom, *Rage Fly
                  | Str+2 Dex+7}
 35052 | Elf:3    | Noticed a deep elf master archer
 35249 | Elf:3    | Identified the +2 great sword "Hydra's Death Toll" {freeze,
                  | Dex+7}
 35260 | Elf:3    | Reached skill level 16 in Fighting
 35429 | Elf:3    | Noticed a deep elf master archer
 35442 | Elf:3    | Killed a deep elf master archer
 35447 | Elf:3    | Identified the +2 broad axe of Kiesimeg {vorpal, rElec
                  | rPois rF+++}
 35604 | Elf:3    | Noticed a deep elf blademaster
 35612 | Elf:3    | Killed a deep elf blademaster
 35613 | Elf:3    | Reached XP level 17. HP: 98/144 MP: 13/34
 35927 | Elf:3    | Killed a deep elf master archer
 36036 | Elf:3    | Gained mutation: You are frail. (-10% HP) [mutagenic glow]
 36080 | Elf:3    | Identified the +3 battleaxe of Classification {vamp, rC+
                  | rN+ Str+3 Int+4}
 36080 | Elf:3    | Identified the ring of Activism {rC+ AC+4}
 36317 | Elf:3    | Identified the +4 flail of Leodelog {flame, rPois rF- SInv
                  | Stlth+}
 36762 | Elf:3    | Found the +15 Maxwell's patent armour {-Cast -Tele rElec
                  | Will+ rCorr}
 36770 | Elf:3    | Identified the +1 flail of the Lost Interlopers {freeze,
                  | rC++ rCorr Dex+3 Stlth+}
 36776 | Elf:3    | Identified the +8 sling of Beyond {speed, rPois rC+ Dex+4}
 36783 | Elf:3    | Lost mutation: You are frail. (-10% HP) [potion of
                  | mutation]
 36783 | Elf:3    | Gained mutation: You passively dampen the noise of your
                  | surroundings. [potion of mutation]
 36783 | Elf:3    | Gained mutation: Your spells are a little harder to cast,
                  | but a little more powerful. [potion of mutation]
 36783 | Elf:3    | Gained mutation: You are agile. (Dex +4, Str/Int -1)
                  | [potion of mutation]
 37083 | Spider:1 | Entered Level 1 of the Spider Nest
 37706 | Spider:1 | Got the Octavo of Congelation
 38210 | Spider:1 | Noticed Donald
 38217 | Spider:1 | Killed Donald
 40069 | Spider:2 | Noticed Arachne
 40084 | Spider:2 | Killed Arachne
 40713 | Spider:2 | Reached skill level 17 in Fighting
 41638 | Spider:3 | Reached skill level 10 in Conjurations
 41779 | Spider:3 | Reached XP level 18. HP: 155/155 MP: 18/36
 42259 | Spider:3 | Reached skill level 15 in Spellcasting
 43970 | Spider:4 | Entered Level 4 of the Spider Nest
 43994 | Spider:4 | Gained mutation: You are dopey. (Int -2) [mutagenic glow]
 44120 | Spider:3 | Lost mutation: Your spells are a little harder to cast, but
                  | a little more powerful. [potion of mutation]
 44120 | Spider:3 | Lost mutation: You are agile. (Dex +4, Str/Int -1) [potion
                  | of mutation]
 44120 | Spider:3 | Gained mutation: You have an increased reservoir of magic.
                  | (+10% MP) [potion of mutation]
 44121 | Spider:3 | Lost mutation: You passively dampen the noise of your
                  | surroundings. [potion of mutation]
 44121 | Spider:3 | Lost mutation: You have an increased reservoir of magic.
                  | (+10% MP) [potion of mutation]
 44121 | Spider:3 | Lost mutation: You are dopey. (Int -2) [potion of mutation]
 44121 | Spider:3 | Gained mutation: You have a pair of small horns on your
                  | head. [potion of mutation]
 44121 | Spider:3 | Gained mutation: You have sharp toenails. [potion of
                  | mutation]
 44121 | Spider:3 | Gained mutation: Your spells are a little harder to cast,
                  | but a little more powerful. [potion of mutation]
 44125 | Spider:3 | Lost mutation: Your spells are a little harder to cast, but
                  | a little more powerful. [potion of mutation]
 44125 | Spider:3 | Lost mutation: You have a pair of small horns on your head.
                  | [potion of mutation]
 44125 | Spider:3 | Gained mutation: You are clumsy. (Dex -2) [potion of
                  | mutation]
 44125 | Spider:3 | Gained mutation: You are covered in fur. (AC +1) [potion of
                  | mutation]
 44578 | Spider:4 | Reached skill level 5 in Shields
 46355 | Spider:4 | Reached skill level 18 in Fighting
 47923 | Spider:4 | Slain by a ghost moth

Illustrated notes

Levels and vault maps discovered:
D:1:      kennysheep_arrival_forest, layout_basic, minmay_tromino_v4_c
D:2:      layout_loops_ring, basic_altar
D:3:      layout_basic, hellmonk_ecumenical_altar_arch_garden
D:4:      nicolae_cairo_tiling_large, layout_loops_corners,
          amethyst_overflow_temple_binary, minmay_temple_entry_slanted
D:5:      minmay_recursive_quarters, layout_loops_ring,
          grunt_temple_overflow_order_and_chaos_2, tso_metal_star,
          grunt_dithmenos_smoke, hellmonk_ghost_happy_afterlife,
          kennysheep_generic_room_10, uniq_sigmund, uniq_pikel
D:6:      layout_basic, kiku_gazebo_garden_becter, old_standard_altar,
          lemuel_coloured_pillars_altar
D:7:      layout_rooms
D:8:      layout_basic, mainiacjoe_overflow_tiny_flanked,
          kennysheep_nondescript, minmay_shop_chei
D:9:      layout_roguey, grunt_gozag_breadcrumbs,
          nicolae_qazlal_scattered_showers, jmf_multi_god_temple2, erik_orc_2,
          serial_shops, nicolae_shop_bloodbath_and_beyond, uniq_joseph
D:10:     layout_roguey, biasface_ghost_orc_armoury, minmay_misc_feat_chi
D:11:     layout_basic, grunt_lair_entry_orc_guard_hut, serial_shops,
          nicolae_shop_overgrown_old_shop, uniq_lodul
Temple:   nicolae_temple_godpark
Lair:1:   layout_chaotic_city, basic_altar, grunt_megastairs_5,
          serial_bayou_shore_b, serial_bayou_shore_b, infiniplex_staircase_pool
Lair:2:   layout_hall_layers, palyth_hydra_swamp_entry, dummy_spider_entry,
          nicolae_volcano_entry_s_turn, grunt_megastairs_3, lemuel_fruit_tree
Lair:3:   layout_misc_corridors, minmay_holes
Lair:4:   layout_hall_layers, minmay_slime_entry_pillars,
          chequers_serial_rivers_room_a, minivault_25, minivault_25,
          beast_lair_carwin_1
Lair:5:   evil_forest, layout_cave_pods, minmay_hedge_maze
Spider:1: layout_spider_delve, uniq_donald
Spider:2: layout_spider_delve, einodemon_crawler_minivault, uniq_arachne
Spider:3: nicolae_spider_jumping_over_cracks [nicolae_spider_jumping_sub_pools,
          nicolae_spider_jumping_sub_stairs, nicolae_spider_jumping_sub_no_exit,
          nicolae_spider_jumping_sub_shuffled]
Spider:4: grunt_spider_rune_circles, hellmonk_narrow_tunnel
Orc:1:    layout_diamond_mine, uniq_sonja
Orc:2:    pf_orc_diabolical, layout_caves, serial_shops, shop
Elf:1:    cheibrodos_elf_bladeworks, layout_loops_corners,
          minmay_elf_necromancy, nicolae_elf_glassroom_feature, uniq_aizul
Elf:2:    elven_hall_of_blades_hangedman_alternative
          [nicolae_blade_entry_crossed_weapons], layout_loops_cross
Elf:3:    minmay_elf_hall_dome, layout_geoelf_diagonals, minmay_shop_star

Skill      XL: |  1  2  3  4  5  6  7  8  9 10 11 12 13 14 15 16 17 18 |
---------------+-------------------------------------------------------+-----
Ice Magic      | 5 6 7 8 9 10 11 12 13 | 13.0
Fighting       | 1 2 3 4 6 7 8 10 11 12 13 15 16 17 18 | 18.1
Armour         | 1 2 3 4 5 7 8 10 11 12 13 14 15 16 17 | 17.5
Spellcasting   | 3 4 5 6 7 8 10 11 12 13 14 15 | 15.6
Invocations    | 1 2 3 4 6 7 8 9 10 11 12 13 | 13.0
Air Magic      | 2 5 7 |  7.1
Conjurations   | 2 5 7 8 10 11 | 11.4
Shields        | 2 4 6 |  6.1
Dodging        | |  2.6
Stealth        | |  1.7

Action                   |  1- 3 |  4- 6 |  7- 9 | 10-12 | 13-15 | 16-18 || total
-------------------------+-------+-------+-------+-------+-------+-------++-------
Melee: Unarmed           |    21 |       |       |       |       |       ||    21
       Mace              |       |    29 |     2 |       |       |       ||    31
       Dagger            |       |       |   101 |       |       |       ||   101
       Punch             |       |       |     1 |     3 |     7 |     1 ||    12
       Staff             |       |       |    13 |    88 |   209 |       ||   310
       Broad axe         |       |       |     8 |    75 |       |       ||    83
       Demon trident     |       |       |       |       |    48 |    22 ||    70
       Lance             |       |       |       |       |       |   540 ||   540
 Cast: Freeze            |    59 |    61 |    34 |    27 |    16 |     3 ||   200
       Frozen Ramparts   |       |     9 |    19 |    47 |    55 |    34 ||   164
       Ozocubu's Armour  |       |     1 |    16 |    35 |    40 |    26 ||   118
       Hailstorm         |       |       |       |    50 |   137 |   131 ||   318
       Mephitic Cloud    |       |       |       |     1 |       |       ||     1
       Airstrike         |       |       |       |    79 |   152 |   241 ||   472
       Freezing Cloud    |       |       |       |    12 |    31 |    20 ||    63
       Searing Ray       |       |       |       |       |     9 |     1 ||    10
       Irradiate         |       |       |       |       |    14 |    80 ||    94
Invok: Bend Time         |       |       |       |     1 |       |       ||     1
       Slouch            |       |       |       |       |     2 |     8 ||    10
       Step From Time    |       |       |       |       |       |     1 ||     1
 Abil: Hop               |     1 |       |     2 |     7 |    18 |    16 ||    44
  Use: Scroll            |       |       |    12 |     9 |    13 |     7 ||    41
       Potion            |       |       |       |       |     3 |     6 ||     9
 Stab: Sleeping          |       |       |     1 |       |       |       ||     1
Armor: Robe              |     6 |       |       |       |       |       ||     6
       Ring mail         |     3 |    29 |    99 |   100 |   205 |   673 ||  1109
Dodge: Dodged            |    45 |    51 |   128 |   160 |   229 |   378 ||   991
Block: Buckler           |       |       |       |       |       |    37 ||    37
       Kite shield       |       |       |       |       |       |   798 ||   798
       Reflection        |       |       |       |       |       |     2 ||     2
